 Dungeon Crawl Stone Soup version 0.28.0-47-ge53b351184 (webtiles) character file.

Game seed: 4617124391618133261

11 Kangaroobicon the Skirmisher (level 2, -11/25 HPs)
             Began as a Palentonga Fighter on May 4, 2022.
             Killed by divine providence
             ... invoked by an orc priest
              (16 damage)
             ... on level 2 of the Dungeon.
             The game lasted 00:06:54 (1163 turns).

Kangaroobicon the Skirmisher (Palentonga Fighter)   Turns: 1163, Time: 00:06:55

Health: -11/25     AC:  6    Str: 19    XL:     2   Next: 13%
Magic:  2/2        EV:  7    Int:  8    God:
Gold:   67         SH:  4    Dex:  9    Spells: 1/1 levels left

rFire   . . .      SeeInvis +   a - +0 war axe
rCold   . . .      Faith    .   c - +0 buckler
rNeg    . . .      Spirit   .   b - +0 scale mail
rPois   .          Reflect  .   (no helmet)
rElec   .          Harm     .   (no cloak)
rCorr   .          Rampage  .   (no gloves)
Will    .....                   (no barding)
Stlth   ..........              (no amulet)
HPRegen 0.08/turn               (no ring)
MPRegen 0.08/turn               (no ring)

@: mighty
A: large, rugged brown scales 3, see invisible, deformed body, roll 1, armoured
tail
a: Rolling Charge


You were on level 2 of the Dungeon.
You visited 1 branch of the dungeon, and saw 2 of its levels.

You collected 67 gold pieces.

Inventory:

Hand Weapons
 a - a +0 war axe (weapon)
Armour
 b - a +0 scale mail (worn)
 c - a +0 buckler (worn)
Scrolls
 e - 2 scrolls of identify {unknown}
 h - a scroll of magic mapping {unknown}
 i - a scroll of teleportation {unknown}
Potions
 f - a potion of berserk rage {unknown}
 g - a potion of heal wounds {unknown}


   Skills:
 + Level 3.1 Fighting
 + Level 2.0 Axes
 + Level 2.5 Armour
 + Level 2.7 Shields


You had one spell level left.
You didn't know any spells.
Your spell library was empty.

Dungeon Overview and Level Annotations

Branches:
Dungeon (2/15)

Altars:


Innate Abilities, Weirdness & Mutations

You are completely covered in rugged brown scales. (AC +3, +7% HP)
You have supernaturally acute eyesight. (SInv)
Armour fits poorly on your strangely shaped body.
You can roll at nearby foes to attack.
You have a long armoured tail.


Message History

The orc wizard shouts!
The ball python hisses angrily.
The orc priest mumbles some strange prayers to Beogh against you.
Beogh smites you!
The orc wizard gestures at you while chanting.
The magic dart hits you.
* * * LOW HITPOINT WARNING * * *
You hear a shout!
There is a stone staircase leading up, spattered with blood here.
You climb upwards.
There is a stone staircase leading down here.
You start resting.
HP restored.
You climb downwards.
The ball python barely misses you.
A rat comes into view.
There is a stone staircase leading up, spattered with blood here.
You feel very mighty all of a sudden. The ball python barely misses you.
You block the ball python's attack.
You closely miss the orc. You closely miss the ball python.
You hit the orc priest. The orc barely misses you.
You block the ball python's attack.
The orc priest hits you but does no damage.
The orc hits you with a +0 mace. The orc barely misses you.
You barely miss the orc. You closely miss the orc priest.
You barely miss the ball python. You barely miss the orc.
The ball python barely misses you. You block the orc priest's attack.
The orc hits you with a +0 flail. The ball python closely misses you.
The orc priest mumbles some strange prayers to Beogh against you.
Pain shoots through your body!
Ouch! That really hurt!
You hit the orc wizard. You tail-slap the orc wizard.
The orc wizard is severely wounded.
You hit the orc.
You hit the orc priest but do no damage.
You closely miss the ball python. The ball python bites you.
* * * LOW HITPOINT WARNING * * *
You block the orc's attack.
The orc priest invokes the aid of Beogh against you.
Beogh smites you!
Ouch! That really hurt!
You die...

#..........#
#..........#
..........#
[.......#
#..r....#
##..o....#
#..ooo...###
#..S@.......
#..o........
#...........
#...........
#....####...
#....# ..
###### .


You could see an orc priest, 2 orc wizards, 2 orcs, a ball python and a rat.

Vanquished Creatures
  2 endoplasms (D:1)
  A giant cockroach (D:1)
  3 hobgoblins
  A kobold (D:1)
  2 bats (D:1)
9 creatures vanquished.

Notes
Turn   | Place    | Note
-------+----------+-------------------------------------------
     0 | D:1      | Kangaroobicon the Palentonga Fighter began the quest for
                  | the Orb.
     0 | D:1      | Reached XP level 1. HP: 19/19 MP: 1/1
   725 | D:1      | Found a faded altar of an unknown god.
   778 | D:1      | Reached XP level 2. HP: 25/25 MP: 2/2
  1163 | D:2      | Killed from afar by an orc priest

Illustrated notes

Levels and vault maps discovered:
D:1:      heliophobic_arrival_henge, layout_basic,
          dreamdust_ecumenical_altar_grove
D:2:      layout_basic, serial_shops, nicolae_shop_hallway_plus

Action                   || total
-------------------------++-------
Melee: War axe           ||    33
       Tailslap          ||     5
  Use: Potion            ||     1
Armor: Scale mail        ||    19
Dodge: Dodged            ||    18
Block: Buckler           ||    11
